 Dungeon Crawl Stone Soup version 0.25.1-2-g60ff931df9 (webtiles) character file.

Game seed: 10719268915948144981

167 DogServant the Digger (level 5, 0/30 HPs)
             Began as a Gargoyle Earth Elementalist on Nov 10, 2020.
             Slain by a centaur zombie (4 damage)
             ... on level 5 of the Dungeon.
             The game lasted 00:03:00 (2105 turns).

DogServant the Digger (Gargoyle Earth Elementalist) Turns: 2105, Time: 00:03:00

Health: 0/30       AC:  6    Str: 12    XL:     5   Next: 48%
Magic:  0/9        EV: 12    Int: 16    God:
Gold:   30         SH:  0    Dex: 10    Spells: 6/10 levels left

rFire    . . .     SeeInvis .   i - +0 mace
rCold    . . .     Gourm    .   (no shield)
rNeg     + . .     Faith    .   c - +0 robe
rPois    ∞         Spirit   .   (no helmet)
rElec    +         Reflect  .   (no cloak)
rCorr    .         Harm     .   (no gloves)
MR       .....                  (no boots)
Stlth    ++........             (no amulet)
HPRegen  0.10/turn              (no ring)
MPRegen  0.11/turn              (no ring)

@: very slightly contaminated
A: negative energy resistance 1, electricity resistance, unbreathing,
petrification resistance, rot immunity, AC +4
a: no special abilities


You were on level 5 of the Dungeon.
You were very hungry.

You visited 1 branch of the dungeon, and saw 4 of its levels.

You collected 30 gold pieces.

Inventory:

Hand Weapons
 i - a +0 mace (weapon)
Missiles
 b - 16 stones (quivered)
Armour
 c - a +0 robe (worn)
Scrolls
 a - a scroll of fear
 e - a scroll of amnesia {unknown}
 f - a scroll of identify {unknown}
 g - a scroll of teleportation
 j - a scroll of remove curse
Potions
 h - 2 potions of lignification {unknown}
 k - 2 potions of curing {unknown}
 l - a potion of resistance {unknown}
Comestibles
 d - 7 rations


   Skills:
 + Level 1.6 Fighting
 - Level 1.5 Dodging
 - Level 2.1 Stealth
 - Level 3.2 Spellcasting
 + Level 1.6 Conjurations
   Level 0.7 Transmutations
 + Level 5.5 Earth Magic


You had 6 spell levels left.
You knew the following spells:

 Your Spells              Type           Power        Failure   Level  Hunger
a - Sandblast             Erth           ###...       1%          1    None
b - Stone Arrow           Conj/Erth      ##....       13%         3    ###....

Your spell library contained the following spells:

 Spells                   Type           Power        Failure   Level  Hunger
 Passwall                 Tmut/Erth      ##......     8%          2    ##.....
 Petrify                  Tmut/Erth      ##......     45%         4    ####...
 Lee's Rapid Deconstruct  Erth           ###.......   47%         5    ######.


Dungeon Overview and Level Annotations

Branches:
Dungeon (5/15)
 Temple: D:4-7

Altars:

Annotations:
D:5 Menkaure


Innate Abilities, Weirdness & Mutations

You are resistant to torment.
Your stone body is resilient. (AC +4)
You are immune to poison.
You resist negative energy. (rN+)
You are resistant to electric shocks. (rElec)
You can survive without breathing.
You are immune to petrification.
You are immune to rotting.


Message History

Aim: a centaur zombie (severely damaged)
The blast of sand hits the centaur zombie!
The centaur zombie is almost destroyed.
b - 16 stones The centaur zombie hits you.
* * * LOW HITPOINT WARNING * * *
The centaur zombie closely misses you. The centaur zombie barely misses you.
The centaur zombie barely misses you.
Casting: Sandblast (safe; 1% risk of failure)
Confirm with . or Enter, or press ? or * to list all spells.
Aiming: Sandblast (safe; 1% risk of failure)
Press: ? - help, Shift-Dir - straight line, f/p - centaur zombie
Aim: a centaur zombie (almost destroyed)
You miscast Sandblast.
You are very lightly contaminated with residual magic.
Nothing appears to happen.
You are feeling very hungry.
The centaur zombie hits you.
You die...

# #. #.## ... ...
#.## ###.#### ###
#@###.##.##.. ...
##Z#.#......# #.#
##.###[.#..####.#
##...#...#..#.....
#........#..#.##>#
#.####.##.#........
## #......##.#.#.
#.........#.#.
####.#.####.#.


You could see a centaur zombie.

Vanquished Creatures
  A howler monkey (D:5)
  A crimson imp (D:5)
  2 worker ants (D:5)
  An adder (D:2)
  An ooze (D:1)
  4 leopard geckos
  An orc (D:5)
  3 goblins (D:1)
  5 hobgoblins
  A quokka (D:2)
  3 ball pythons (D:1)
  4 bats
  4 kobolds
  A rat (D:1)
32 creatures vanquished.

Notes
Turn   | Place    | Note
-------+----------+-------------------------------------------
     0 | D:1      | DogServant the Gargoyle Earth Elementalist began the quest
                  | for the Orb.
     0 | D:1      | Reached XP level 1. HP: 10/10 MP: 3/3
   547 | D:1      | Reached skill level 4 in Earth Magic
   547 | D:1      | Reached XP level 2. HP: 11/15 MP: 3/5
  1279 | D:2      | Reached XP level 3. HP: 19/19 MP: 6/6
  1746 | D:2      | You fall into a shaft and drop 2 floors!
  1757 | D:5      | Entered Level 5 of the Dungeon
  1757 | D:5      | Noticed Menkaure
  1768 | D:5      | Reached skill level 5 in Earth Magic
  1768 | D:5      | Reached XP level 4. HP: 4/24 MP: 5/8
  2016 | D:5      | Learned a level 3 spell: Stone Arrow
  2056 | D:5      | Reached skill level 1 in Fighting
  2056 | D:5      | Reached skill level 1 in Conjurations
  2066 | D:5      | Reached XP level 5. HP: 29/29 MP: 6/9
  2105 | D:5      | Slain by a centaur zombie

Illustrated notes

Levels and vault maps discovered:
D:1:      dpeg_arrival_three_same_balls, layout_loops_ring
D:2:      lemuel_upstairs_altar, layout_basic, uniq_crazy_yiuf_cottage
D:4:      layout_rooms, minmay_three_crescents
D:5:      layout_loops_cross, first_ration, uniq_menkaure

Skill      XL: |  1  2  3  4 |
---------------+-------------+-----
Earth Magic    | 4 5 |  5.5
Spellcasting   | 3 |  3.2
Fighting       | 1 |  1.6
Conjurations   | 1 |  1.6
Dodging        | |  1.5
Stealth        | |  2.1
Transmutations | |  0.7

Action                   |  1- 3 |  4- 6 || total
-------------------------+-------+-------++-------
Melee: Unarmed           |    11 |       ||    11
       Mace              |    70 |    10 ||    80
 Cast: Sandblast         |    17 |    15 ||    32
  Use: Scroll            |     6 |       ||     6
 Stab: Sleeping          |     2 |       ||     2
  Eat: Chunk             |     3 |       ||     3
Armor: Robe              |    31 |     6 ||    37
Dodge: Dodged            |    93 |    18 ||   111
